 Dungeon Crawl Stone Soup version 0.21-a0-538-gd16b88a (webtiles) character file.

40 Lasiace the Vexing (level 3, -2/35 HPs)
             Began as an Ogre Arcane Marksman on Dec 15, 2017.
             Slain by an adder (3 damage)
             ... on level 2 of the Dungeon.
             The game lasted 00:07:48 (1171 turns).

Lasiace the Vexing (Ogre Arcane Marksman)           Turns: 1171, Time: 00:07:48

Health: -2/35      AC:  3    Str: 14    XL:     3   Next: 50%
Magic:  1/5        EV: 10    Int: 14    God:
Gold:   0          SH:  0    Dex: 10    Spells: 4/5 levels left

rFire    . . .     SeeInvis .   a - -3 spear (curse)
rCold    . . .     Gourm    .   (no shield)
rNeg     . . .     Faith    .   d - +0 robe
rPois    .         Spirit   .   (helmet restricted)
rElec    .         Reflect  .   (no cloak)
rCorr    .         Harm     .   (gloves unavailable)
MR       +....                  (boots unavailable)
Stlth    +.........             (no amulet)
HPRegen  0.11/turn              I - ring of protection from magic
MPRegen  0.09/turn              (no ring)

@: lethally poisoned (-2 -> -17), very slightly contaminated
A: large, unfitting armour, tough skin 1
a: no special abilities


You were on level 2 of the Dungeon.
You were hungry.

You visited 1 branch of the dungeon, and saw 2 of its levels.

Inventory:

Hand Weapons
 a - a cursed -3 spear (weapon)
 b - a +0 hunting sling
 q - a +0 mace
Missiles
 e - 2 throwing nets {=f !f}
 k - 2 large rocks (quivered)
 m - 8 stones {@Q0}
Armour
 d - a +0 robe (worn)
Jewellery
 I - a ring of protection from magic (left hand)
Scrolls
 h - 2 scrolls of remove curse {unknown}
Potions
 c - 2 potions of lignification {!q}
 l - a potion of resistance {unknown}
 n - a potion of flight {unknown}
 p - a potion of degeneration {unknown}
Books
 B - a book of Debilitation

   Spells                             Type                      Level
   a - Corona                         Hexes                        1
   b - Slow                           Hexes                        2
   c - Inner Flame                    Hexes/Fire                   3
   d - Portal Projectile              Hexes/Translocation          3
   e - Cause Fear                     Hexes                        4
   f - Leda's Liquefaction            Hexes/Earth                  4
Comestibles
 f - 2 bread rations
 g - a meat ration


   Skills:
 + Level 2.3 Fighting
 + Level 2.4 Throwing
 + Level 2.1 Dodging
 + Level 1.9 Spellcasting
 - Level 3.0 Hexes


You had 4 spell levels left.
You knew the following spells:

 Your Spells              Type           Power        Failure   Level  Hunger
a - Corona                Hex            #......      7%          1    ##.....


Dungeon Overview and Level Annotations

Branches:
Dungeon (2/15)

Altars:


Innate Abilities, Weirdness & Mutations

You are too large for most types of armour.
You have tough skin. (AC +1)


Message History

Press: ? - help, Shift-Dir - straight line, f/p - adder
Aim: an adder (softly glowing)
You throw a large rock. The large rock barely misses the adder.
You feel sick.
The adder stops glowing.
The adder bites you.
* * * LOW HITPOINT WARNING * * *
The adder bites you.
* * * LOW HITPOINT WARNING * * *
Throwing (i - inventory. (,) - cycle):
k - 3 large rocks (quivered)
Press: ? - help, Shift-Dir - straight line, f/p - adder
Aim: an adder You throw a large rock.
The large rock closely misses the adder.
* * * LOW HITPOINT WARNING * * *
You feel sick. The adder bites you.
* * * LOW HITPOINT WARNING * * *
The adder bites you.
* * * LOW HITPOINT WARNING * * *
You are more poisoned.
The adder poisons you! The adder bites you.
You die...

#......# #.#####.#
#......# ##....##.#
#......###...#.##.#
#......##.###..##>#
#..>..>...# #.....#
#########.###..####
##...### #..## #@.#
......S..#
.###.##.## .. ..#
... #### .# ### ...
...# ..# ...#


You could see an adder.

Vanquished Creatures
  A gnoll (D:2)
  2 leopard geckos (D:1)
  A giant cockroach (D:2)
  5 goblins
  4 hobgoblins (D:1)
  3 kobolds
  A ball python (D:2)
  3 bats (D:1)
  2 frilled lizards (D:1)
  6 rats
28 creatures vanquished.

Notes
Turn   | Place    | Note
-------+----------+-------------------------------------------
     0 | D:1      | Lasiace the Ogre Arcane Marksman began the quest for the Orb.
     0 | D:1      | Reached XP level 1. HP: 19/19 MP: 2/2
   134 | D:1      | Reached XP level 2. HP: 28/28 MP: 0/4
   773 | D:1      | Reached XP level 3. HP: 35/35 MP: 5/5
  1014 | D:2      | Reached skill level 3 in Hexes
  1171 | D:2      | HP: 1/35 [adder (1)]
  1171 | D:2      | Slain by an adder

Vault maps used:
D:1:      matt_arrival_los_fun, serial_park_tiny_2, st_stairs_5,
          minmay_misc_feat_x, minivault_25

Skill      XL: |  1  2  3 |
---------------+----------+-----
Dodging        | 2 |  2.1
Fighting       | 2 |  2.3
Hexes          | 3 |  3.0
Throwing       | |  2.4
Spellcasting   | |  1.9

Action                   || total
-------------------------++-------
Melee: Dagger            ||     6
       Club              ||     3
       Whip              ||    18
       Mace              ||     4
       Spear             ||     2
 Fire: Hunting sling     ||    12
Throw: Large rock        ||    19
 Cast: Corona            ||    32
  Use: Scroll            ||     4
  Eat: Chunk             ||     1
Armor: Robe              ||    23
Dodge: Dodged            ||    30

Table legend:
 A = Spawn XP
 B = Non-spawn XP
 C = Spawn XP percentage of total XP
 D = Spawn monster count
 E = Non-spawn monster count
 F = Spawn count percentage of total count
 G = Total turns spent on level
                    A         B        C        D         E        F      G
               +---------+---------+-------+---------+---------+-------+---------
         Total |       0 |      58 |   0.0 |       0 |      28 |   0.0 |  1171
               +---------+---------+-------+---------+---------+-------+---------
           D:1 |       0 |      34 |   0.0 |       0 |      20 |   0.0 |   844
           D:2 |       0 |      24 |   0.0 |       0 |       8 |   0.0 |   327
               +---------+---------+-------+---------+---------+-------+---------
